 Dungeon Crawl Stone Soup version 0.18-a0-1577-gf591c28 (webtiles) character file.

52 ololoev the Firebug (level 3, -4/19 HPs)
             Began as a Deep Elf Fire Elementalist on Mar 18, 2016.
             Slain by an orc
             ... wielding a +0 hand axe
              (6 damage)
             ... on level 4 of the Dungeon.
             The game lasted 00:05:02 (365 turns).

ololoev the Firebug (Deep Elf Fire Elementalist)     Turns: 365, Time: 00:05:02

Health: -4/19      AC:  2    Str:  5    XL:     3   Next: 60%
Magic:  0/10       EV: 13    Int: 20    God:
Gold:   5          SH:  0    Dex: 15    Spells: 1 memorised, 8 levels left

rFire  . . .     SeeInvis .     d - +0 spear
rCold  . . .     Gourm    .     a - +0 robe
rNeg   . . .     Faith    .     (no shield)
rPois  .         Spirit   .     (no helmet)
rElec  .         Dismiss  .     (no cloak)
rCorr  .         Reflect  .     (no gloves)
SustAt .         Harm     .     (no boots)
MR     .....                    (no amulet)
Stlth  ++........               (no ring)
                                (no ring)

@: very slightly contaminated, not resistant to hostile enchantments, unstealthy
A: no striking features
a: no special abilities

Inventory:

Hand Weapons
 d - a +0 spear (weapon)
Armour
 a - a +0 robe (worn)
Scrolls
 e - a scroll of amnesia {unknown}
 h - 3 scrolls of fear {unknown}
 i - a scroll of magic mapping {unknown}
Potions
 j - a potion of curing
Books
 b - a book of Flames

   Spells                             Type                      Level
   a - Flame Tongue                   Conjuration/Fire             1
   b - Throw Flame                    Conjuration/Fire             2
   c - Conjure Flame                  Conjuration/Fire             3
   d - Inner Flame                    Hexes/Fire                   3
   e - Sticky Flame                   Conjuration/Fire             4
   f - Fireball                       Conjuration/Fire             5
Comestibles
 c - 2 bread rations
 f - 2 meat rations
 g - 2 chunks of flesh


   Skills:
 - Level 2.4 Dodging
 - Level 2.4 Stealth
 + Level 3.6 Spellcasting
 * Level 3.0 Conjurations
 + Level 3.7 Fire Magic


You had 8 spell levels left.
You knew the following spells:

 Your Spells              Type           Power        Failure   Level  Hunger
a - Flame Tongue          Conj/Fire      ###..        3%          1    None


You were on level 4 of the Dungeon.
You were not hungry.

You visited 1 branch of the dungeon, and saw 5 of its levels.

You collected 47 gold pieces.
You spent 42 gold pieces at shops.

#................#
.................#
#<....>..........##
#########.........#
#)......##.# ###
########.####### ..#....
.......).#### #......
######......######......
#.....#?.....o@.......
#..###.##########......
#. ..# ..... # .### ....
. ... . .. #

Notes
Turn   | Place    | Note
--------------------------------------------------------------
     0 | D:1      | ololoev the Deep Elf Fire Elementalist began the quest for the Orb.
     0 | D:1      | Reached XP level 1. HP: 10/10 MP: 6/6
     6 | D:1      | jacquesderrida: ЛАН Я ЗА ОЧКАМИ )))
    39 | D:1      | jacquesderrida: До оптики переть и переть!
    40 | D:1      | jacquesderrida: Метров 50!!!!!
    69 | D:1      | ololoev: без очков не справился!
    69 | D:1      | ololoev: жака нашли намотанным на столб
    69 | D:1      | crauler: забег на очки
    69 | D:1      | ololoev: не разглядел
    70 | D:1      | jacquesderrida: ОЧКОВЫЙ МЕДМЕДЬ
    89 | D:1      | crauler: типичное занятие кравлера
   105 | D:2      | jacquesderrida: КРАУЛЕРА
   179 | D:3      | Reached XP level 2. HP: 15/15 MP: 2/8
   196 | D:3      | Found a shattered altar of Ashenzari.
   200 | D:3      | Saw a vision of the Shoals and the Spider Nest.
   200 | D:3      | Noticed a siren
   200 | D:3      | Noticed a sea snake
   200 | D:3      | Noticed a sea snake
   200 | D:3      | Noticed a sea snake
   200 | D:3      | Noticed a wolf spider
   200 | D:3      | Noticed a wolf spider
   200 | D:3      | Noticed a wolf spider
   200 | D:3      | Noticed a wolf spider
   201 | D:3      | Noticed a wasp
   202 | D:3      | ololoev: так
   202 | D:3      | ololoev: шоалсы это хорошо
   202 | D:3      | ololoev: если доживу конечно
   202 | D:3      | ololoev: спайдер тоже
   202 | D:3      | crauler: никогда не обращал внимание
   202 | D:3      | ololoev: это спец алтарь
   216 | D:4      | Noticed ololoev's ghost (amateur DEFE)
   217 | D:4      | crauler: я знаю
   292 | D:4      | Found Jaizoimp's General Store.
   302 | D:4      | crauler: 1 СИЛА
   328 | D:4      | jacquesderrida: Рыжики из рыжики, маслята из маслята
   328 | D:4      | crauler: тебе всегото надо 27 брони на чейн
   334 | D:4      | Bought a potion of curing for 42 gold pieces
   334 | D:4      | jacquesderrida: айм гоин то зе оптикс фо зе глассес, ребята...
   339 | D:5      | Entered Level 5 of the Dungeon
   339 | D:5      | Noticed a centaur
   357 | D:4      | Reached XP level 3. HP: 2/19 MP: 0/10
   365 | D:4      | Slain by an orc

Dungeon Overview and Level Annotations

Branches:
Dungeon (5/15)
 Temple: D:4-7

Altars:
Ashenzari

Shops:
D:4 *

Annotations:
D:4 ololoev's ghost, amateur DEFE


Message History

Aim: an orc, wielding a dagger (almost dead)
The flame tongue hits the orc.
You kill the orc!
An orc and an orc wizard come into view.
The orc shouts!
Found a scroll labeled IFOBBO COSSY.
The orc wizard misses you.
Things that are here:
a dagger; an orc corpse
Casting: Flame Tongue
Confirm with . or Enter, or press ? or * to list all spells.
Aiming: Flame Tongue
Press: ? - help, Shift-Dir - straight line, f - orc wizard
Aim: an orc wizard, wielding a dagger and wearing a robe You miscast Flame Tongue.
You are very lightly contaminated with residual magic.
Nothing appears to happen.
The orc wizard gestures wildly while chanting.
The orc wizard seems to speed up.
Casting: Flame Tongue
Confirm with . or Enter, or press ? or * to list all spells.
Aiming: Flame Tongue
Press: ? - help, Shift-Dir - straight line, f/p - orc wizard
Aim: an orc wizard, wielding a dagger and wearing a robe (fast)
The flame tongue hits the orc wizard.
The orc wizard is heavily wounded.
The orc wizard barely misses you.
The orc wizard points at you and mumbles some strange words.
The magic dart hits you!
Casting: Flame Tongue
Confirm with . or Enter, or press ? or * to list all spells.
Aiming: Flame Tongue
Press: ? - help, Shift-Dir - straight line, f/p - orc wizard
Aim: an orc wizard, wielding a dagger and wearing a robe (heavily wounded, fast)
The flame tongue hits the orc wizard.
The orc wizard is severely wounded.
The orc wizard closely misses you.
Casting: Flame Tongue
Confirm with . or Enter, or press ? or * to list all spells.
Aiming: Flame Tongue
Press: ? - help, Shift-Dir - straight line, f/p - orc wizard
Aim: an orc wizard, wielding a dagger and wearing a robe (severely wounded, fast)
The flame tongue hits the orc wizard.
The orc wizard is almost dead.
The orc wizard hits you with a dagger. The orc closely misses you.
The orc wizard barely misses you.
Casting: Flame Tongue
Confirm with . or Enter, or press ? or * to list all spells.
You don't have enough magic to cast that spell.
The orc wizard mumbles some strange words.
The orc wizard blinks!
Press: ? - help, v - describe, . - travel
Here: an orc wizard, wielding a dagger and wearing a robe (almost dead, fast)
The floor.
The orc hits you with a hand axe.
Casting: Flame Tongue
Confirm with . or Enter, or press ? or * to list all spells.
Aiming: Flame Tongue
Press: ? - help, Shift-Dir - straight line, f/p - orc wizard
Aim: an orc wizard, wielding a dagger and wearing a robe (almost dead, fast)
The flame tongue hits the orc wizard.
You kill the orc wizard!
Your Conjurations skill increases to level 3!
You have reached level 3!
Your experience leads to an increase in your attributes!
Increase (S)trength, (I)ntelligence, or (D)exterity?
You feel clever. The orc misses you.
Press: ? - help, v - describe, . - travel
Here: an orc, wielding a hand axe The floor.
Casting: Flame Tongue
Confirm with . or Enter, or press ? or * to list all spells.
Aiming: Flame Tongue
Press: ? - help, Shift-Dir - straight line, f - orc
Aim: an orc, wielding a hand axe The flame tongue hits the orc.
The orc is lightly wounded.
The orc hits you with a hand axe.
You die...

You could see an orc.

Vanquished Creatures
  An orc wizard (D:4)
  An adder (D:4)
  An orc (D:4)
  2 goblins
  2 hobgoblins
  A ball python (D:2)
  5 bats
  A giant gecko skeleton (D:4)
  3 giant newts
17 creatures vanquished.

Action                   || total
-------------------------++-------
Melee: Unarmed           ||     1
 Cast: Flame Tongue      ||    40

Vault maps used:
D:1:      dpeg_arrival_rooms_b
D:2:      serial_park_tiny_pond, kennysheep_generic_room_10
D:3:      grunt_ashenzari_visionary
D:4:      serial_shops, shop, minmay_statues_item
D:5:      temple_doors_e, first_bread
